 Dungeon Crawl Stone Soup version 0.21.1-1-g345015f (webtiles) character file.

25 n0claF the Poker (level 2, -2/23 HPs)
             Began as a Demonspawn Gladiator on July 4, 2018.
             Slain by an ooze (3 damage)
             ... on level 1 of the Dungeon.
             The game lasted 00:00:46 (80 turns).

n0claF the Poker (Demonspawn Gladiator)               Turns: 80, Time: 00:00:46

Health: -2/23      AC:  4    Str: 14    XL:     2   Next: 86%
Magic:  2/2        EV: 13    Int:  9    God:
Gold:   0          SH:  0    Dex: 14    Spells: 1/1 levels left

rFire    . . .     SeeInvis .   a - +0 trident
rCold    . . .     Gourm    .   (no shield)
rNeg     . . .     Faith    .   b - +0 leather armour
rPois    .         Spirit   .   c - +0 helmet
rElec    .         Reflect  .   (no cloak)
rCorr    .         Harm     .   (no gloves)
MR       .....                  (no boots)
Stlth    +.........             (no amulet)
HPRegen  0.07/turn              (no ring)
MPRegen  0.08/turn              (no ring)

@: no status effects
A: rot immunity
a: no special abilities


You were on level 1 of the Dungeon.
You were not hungry.

You visited 1 branch of the dungeon, and saw 1 of its levels.

Inventory:

Hand Weapons
 a - a +0 trident (weapon)
Missiles
 d - 3 throwing nets (quivered) {!f}
Armour
 b - a +0 leather armour (worn)
 c - a +0 helmet (worn)
Comestibles
 e - a ration {!d}


   Skills:
 + Level 2.4 Fighting
 + Level 3.0 Polearms
 - Level 1.7 Throwing
 + Level 1.0 Armour
 + Level 3.0 Dodging


You had one spell level left.
You didn't know any spells.

Dungeon Overview and Level Annotations

Branches:
Dungeon (1/15)

Altars:


Innate Abilities, Weirdness & Mutations

You are immune to rotting.


Message History

* * * LOW HITPOINT WARNING * * *
The giant cockroach closely misses you.
You hit the ooze.
You kill the ooze!
The giant cockroach misses you.
The giant cockroach bites you but does no damage.
The giant cockroach bites you but does no damage.
There is an open door here.
The ooze jiggles.
The giant cockroach closely misses you.
A dart slug comes into view.
The dart slug moves out of view.
Found a ration.
You hit the giant cockroach.
You kill the giant cockroach!
You hit the ooze. The ooze barely misses you.
You hit the ooze. The ooze barely misses you.
You hit the ooze. The ooze misses you.
You hit the ooze.
You kill the ooze!
Your Polearms skill increases to level 3!
Your Armour skill increases to level 1!
Your Dodging skill increases to level 3!
The kobold throws a stone.
The stone hits you but does no damage.
You barely miss the ooze. The ooze closely misses you.
You hit the ooze but do no damage.
The dart slug bites you but does no damage.
The ooze hits you.
* * * LOW HITPOINT WARNING * * *
You barely miss the ooze. The ooze hits you.
* * * LOW HITPOINT WARNING * * *
The dart slug misses you.
You hit the ooze but do no damage. The ooze barely misses you.
The dart slug bites you.
* * * LOW HITPOINT WARNING * * *
You hit the ooze but do no damage. The ooze hits you.
* * * LOW HITPOINT WARNING * * *
The dart slug misses you. The ooze hits you.
* * * LOW HITPOINT WARNING * * *
You barely miss the ooze. The ooze hits you but does no damage.
The dart slug barely misses you.
You hit the ooze. The ooze hits you but does no damage.
The dart slug closely misses you.
Found a stone staircase leading down.
Found 14 gold pieces.
You hit the ooze. The ooze hits you.
* * * LOW HITPOINT WARNING * * *
You barely miss the ooze. The ooze hits you but does no damage.
You puncture the dart slug! The ooze hits you.
You die...

#.. #.# ... #.#
.##...###.##
...........
#...#.##.#
.#...#.##.##########
.>..................
#.........Kw@..$....
...##.....J.%......
#(#############
.##.##.########
...............##
.......)........#
###+#######J###.#
#..⌠...>...⌠..#
#......<......#


You could see an ooze, a dart slug and a kobold.

Vanquished Creatures
  2 oozes (D:1)
  5 giant cockroaches (D:1)
  A hobgoblin (D:1)
  5 jackals (D:1)
  A rat (D:1)
14 creatures vanquished.

Notes
Turn   | Place    | Note
-------+----------+-------------------------------------------
     0 | D:1      | n0claF the Demonspawn Gladiator began the quest for the Orb.
     0 | D:1      | Reached XP level 1. HP: 16/16 MP: 1/1
     1 | D:1      | Found a runed door.
    29 | D:1      | Gained mutation: You are immune to rotting. [demonic ancestry]
    29 | D:1      | Reached XP level 2. HP: 21/22 MP: 2/2
    64 | D:1      | Reached skill level 1 in Armour
    77 | D:1      | HP: 1/23 [ooze (3)]
    80 | D:1      | Slain by an ooze

Skill      XL: |  1  2 |
---------------+-------+-----
Polearms       | 3 |  3.0
Armour         | 1 |  1.0
Dodging        | 3 |  3.0
Fighting       | |  2.4
Throwing       | |  1.7

Action                   || total
-------------------------++-------
Melee: Trident           ||    49
Armor: Leather armour    ||    26
Dodge: Dodged            ||    49
